 Dungeon Crawl Stone Soup version 0.26.1-2-gb8aa6d0cf2 (webtiles) character file.

Game seed: 5894966361763795568

611284 OdinFK the Lord of Darkness (level 27, -1/147 HPs)
             Began as a Vine Stalker Necromancer on Feb 23, 2021.
             Was the Champion of Kikubaaqudgha.
             Slain by an eldritch tentacle (14 damage)
             ... called by a Zot trap
             ... on level 5 of the Realm of Zot on Mar 3, 2021.
             The game lasted 08:24:05 (60575 turns).

OdinFK the Lord of Darkness (VSNe)                 Turns: 60575, Time: 08:24:06

Health: -1/147     AC: 24    Str: 16 (19) XL:     27
Magic:  0/40       EV: 21    Int: 24 (27) God:    Kikubaaqudgha [******]
Gold:   4485       SH: 13    Dex: 12 (13) Spells: 7/36 levels left

rFire    . . .     SeeInvis .   a - +9 rapier (elec)
rCold    + + .     Faith    .   X - +3 buckler {rC+ rF+}
rNeg     . . .     Spirit   +   l - +5 steam dragon scales
rPois    +         Reflect  +   A - +3 helmet of Hoepn {Will+ Str+4}
rElec    +         Harm     .   W - +2 cloak {Will+}
rCorr    .         Rampage  .   N - +1 pair of gloves
Will     +++++                  I - +2 pair of boots {Stlth+}
Stlth    +++++++...             z - amulet "Decuquj" {Reflect rPois Int+4 Dex+2 SH+5}
HPRegen  1.14/turn              R - ring "Ogiuwk" {Ice +Fly rElec Str-3 Stlth+}
MPRegen  0.27/turn              D - ring "Culej" {Will+ MP+9 Int+3 Dex-5}

@: about to teleport
A: claws 1, fangs 3, hooves 1, repulsion field 1, blink, frail 1, regeneration
2, screaming 1, magic shield, antimagic bite, no potion heal 3, subdued magic 1
}: 3/15 runes: barnacled, slimy, gossamer
a: Blink, Renounce Religion, Evoke Flight, Receive Corpses, Torment


You were on level 5 of the Realm of Zot.
You worshipped Kikubaaqudgha.
Kikubaaqudgha was exalted by your worship.
You visited 10 branches of the dungeon, and saw 53 of its levels.
You also visited: Trove, Gauntlet, Ice Cave and Wizlab.

You collected 7161 gold pieces.
You spent 2676 gold pieces at shops.

Inventory:

Hand Weapons
 a - a +9 rapier of electrocution (weapon)
 b - a +9 quick blade of pain
Armour
 k - the +1 leather armour "Nytaistra" {rF+++ Dex+3}
   (You found it on level 14 of the Dungeon)

   It affects your dexterity (+3).
   It renders you almost immune to fire.
 l - +5 steam dragon scales (worn)
 A - the +3 helmet of Hoepn (worn) {Will+ Str+4}
   (You bought it in a shop on level 2 of the Vaults)

   It affects your strength (+4).
   It affects your willpower, your defense against some magical effects.
 I - a +2 pair of boots of stealth (worn)
 N - a +1 pair of gloves (worn)
 W - a +2 cloak of willpower (worn)
 X - a +3 buckler of resistance (worn)
Jewellery
 n - the ring of the Pure Priests {rN+ Str+5}
   (You took it off a deep elf demonologist on level 3 of the Elven Halls)

   [ring of positive energy]

   It affects your strength (+5).
   It protects you from negative energy.
 o - a +6 ring of intelligence
 z - the amulet "Decuquj" (around neck) {Reflect rPois Int+4 Dex+2 SH+5}
   (You found it in a treasure trove)

   [amulet of reflection]

   It shields you and reflects attacks.
   It affects your intelligence (+4).
   It affects your dexterity (+2).
   It protects you from poison.
   It affects your SH (+5).
 D - the ring "Culej" (right hand) {Will+ MP+9 Int+3 Dex-5}
   (You found it in an ice cave)

   [ring of magical power]

   It affects your intelligence (+3).
   It affects your dexterity (-5).
   It affects your willpower, your defense against some magical effects.
   It affects your magic capacity (+9).
 F - the ring of Qoepol {+Fly SInv}
   (You took it off a necromancer on level 4 of the Depths)

   [ring of see invisible]

   It lets you see invisible.
   It lets you fly.
 P - the ring "Sing" {rPois rN+ Will- rCorr}
   (You found it in a treasure trove)

   [ring of resist corrosion]

   It protects you from poison.
   It protects you from negative energy.
   It affects your willpower, your defense against some magical effects.
   It provides partial protection from all sources of acid and corrosion.
 R - the ring "Ogiuwk" (left hand) {Ice +Fly rElec Str-3 Stlth+}
   (You found it in a Gauntlet)

   [ring of ice]

   It enhances your ice magic.
   It affects your strength (-3).
   It makes you vulnerable to fire.
   It protects you from cold.
   It insulates you from electricity.
   It lets you fly.
   It makes you more stealthy.
 T - an uncursed ring of resist corrosion
 V - an uncursed ring of fire
Wands
 u - a wand of acid (17)
 y - a wand of disintegration (27)
 E - a wand of paralysis (7)
 H - a wand of digging (17)
 O - a wand of iceblast (22)
 Z - a wand of flame (69)
Scrolls
 e - 3 scrolls of torment
 f - 6 scrolls of fear
 g - 22 scrolls of remove curse
 i - 4 scrolls of identify
 j - 7 scrolls of immolation
 p - 5 scrolls of vulnerability
 q - 12 scrolls of fog
 t - 9 scrolls of teleportation
 w - 2 scrolls of enchant weapon
 G - 3 scrolls of holy word
 M - a scroll of silence
Potions
 c - 12 potions of curing
 m - 3 potions of might
 r - 2 potions of resistance
 s - 2 potions of brilliance
 C - 4 potions of cancellation
 U - 4 potions of ambrosia
Miscellaneous
 d - a lightning rod (4/4)
 v - a tin of tremorstones (2/2)
 J - a condenser vane (inert)
 L - a phantom mirror (inert)
 S - a box of beasts (inert)
 Y - a phial of floods


   Skills:
 - Level 23.0 Fighting
 + Level 13.6 Short Blades
 - Level 5.5 Armour
 - Level 12.0 Dodging
 - Level 11.0 Stealth
 - Level 7.0 Shields
 - Level 5.0 Spellcasting
 - Level 4.0 Conjurations
 - Level 23.0 Necromancy
 - Level 18.0 Earth Magic
 - Level 12.0 Evocations


You had 7 spell levels left.
You knew the following spells:

 Your Spells              Type           Power        Failure   Level
a - Iron Shot             Conj/Erth      22%          12%         6
c - Vampiric Draining     Necr           37%          0%          3
d - Animate Dead          Necr           37%          0%          4
e - Agony                 Necr           74%          0%          5
f - Borgnjor's Vile Clut  Necr/Erth      34%          1%          5
g - Death Channel         Necr           37%          1%          6

Your spell library contained the following spells:

 Spells                   Type           Power        Failure   Level
 Animate Skeleton         Necr           100%         0%          1
 Pain                     Necr           100%         0%          1
 Sandblast                Erth           100%         0%          1
 Sublimation of Blood     Necr           37%          0%          2
 Dispel Undead            Necr           74%          0%          4
 Magic Dart               Conj           76%          1%          1
 Corpse Rot               Necr/Air       N/A          1%          2
 Passwall                 Tmut/Erth      30%          1%          2
 Searing Ray              Conj           38%          1%          2
 Stone Arrow              Conj/Erth      90%          1%          3
 Leda's Liquefaction      Hex/Erth       18%          1%          4
 Petrify                  Tmut/Erth      37%          1%          4
 Lee's Rapid Deconstruct  Erth           31%          1%          5
 Foxfire                  Conj/Fire      48%          2%          1
 Shock                    Conj/Air       48%          2%          1
 Apportation              Tloc           8%           7%          1
 Corona                   Hex            4%           7%          1
 Summon Small Mammal      Summ           16%          7%          1
 Conjure Flame            Conj/Fire      12%          10%         3
 Dazzling Flash           Conj/Hex       24%          10%         3
 Static Discharge         Conj/Air       12%          10%         3
 Bolt of Magma            Conj/Fire/Erth 15%          10%         5
 Simulacrum               Ice/Necr       31%          10%         6
 Call Imp                 Summ           4%           11%         2
 Ensorcelled Hibernation  Hex/Ice        12%          11%         2
 Poisonous Vapours        Pois/Air       8%           11%         2
 Slow                     Hex            4%           11%         2
 Swiftness                Air            4%           11%         2
 Mephitic Cloud           Conj/Pois/Air  9%           13%         3
 Call Canine Familiar     Summ           4%           22%         3
 Confusing Touch          Hex            4%           22%         3
 Ignite Poison            Fire/Tmut/Pois 4%           22%         3
 Inner Flame              Hex/Fire       4%           22%         3
 Lesser Beckoning         Tloc           2%           22%         3
 Portal Projectile        Hex/Tloc       8%           22%         3
 Summon Guardian Golem    Hex/Summ       4%           22%         3
 Tukima's Dance           Hex            4%           22%         3
 Statue Form              Tmut/Erth      24%          28%         6
 Fulminant Prism          Conj/Hex       6%           32%         4
 Iskenderun's Mystic Bla  Conj/Tloc      12%          32%         4
 Sticky Flame             Conj/Fire      12%          32%         4
 Iskenderun's Battlesphe  Conj           19%          38%         5
 Haunt                    Necr/Summ      23%          50%         7
 Airstrike                Air            2%           61%         4
 Cause Fear               Hex            2%           61%         4
 Summon Ice Beast         Ice/Summ       6%           61%         4
 Summon Lightning Spire   Summ/Air       4%           61%         4
 Fireball                 Conj/Fire      6%           67%         5
 Lightning Bolt           Conj/Air       6%           67%         5
 Alistair's Intoxication  Tmut/Pois      2%           92%         5
 Silence                  Hex/Air        2%           92%         5
 Summon Demon             Summ           2%           92%         5
 Summon Forest            Summ/Tloc      2%           92%         5
 Yara's Violent Unravell  Hex/Tmut       2%           92%         5
 Freezing Cloud           Conj/Ice/Air   7%           100%        6
 Invisibility             Hex            4%           100%        6
 Shadow Creatures         Summ           N/A          100%        6
 Malign Gateway           Summ/Tloc      2%           100%        7
 Monstrous Menagerie      Summ           2%           100%        7
 Orb of Destruction       Conj           9%           100%        7
 Spellforged Servitor     Conj/Summ      6%           100%        7
 Summon Greater Demon     Summ           2%           100%        7
 Borgnjor's Revivificati  Necr           37%          3%          8
 Infestation              Necr           37%          3%          8
 Death's Door             Necr           37%          52%         9
 Lehudib's Crystal Spear  Conj/Erth      22%          99%         8
 Necromutation            Tmut/Necr      23%          99%         8
 Shatter                  Erth           31%          99%         9
 Chain Lightning          Conj/Air       6%           100%        8
 Discord                  Hex            2%           100%        8
 Ignition                 Fire           2%           100%        8
 Summon Horrible Things   Summ           2%           100%        8
 Absolute Zero            Ice            3%           100%        9
 Fire Storm               Conj/Fire      6%           100%        9
 Tornado                  Air            2%           100%        9


Dungeon Overview and Level Annotations

Branches:
Dungeon (15/15)            Temple (0/1) D:5            Lair (6/6) D:8
 Shoals (4/4) Lair:3       Spider (4/4) Lair:2        Slime (5/5) Lair:5
    Orc (2/2) D:12            Elf (3/3) Orc:2        Vaults (4/5) D:13
  Crypt (0/3) Vaults:2     Depths (5/5) D:15            Zot (5/5) Depths:5
  IceCv (visited)          WizLab (visited)         Gauntlet (visited)

Altars:
Ashenzari
Cheibriados
Elyvilon
Kikubaaqudgha
Okawaru
Uskayaw
Vehumet
Wu Jian
Xom
Yredelemnul
Beogh
Jiyva

Shops:
D:5 :*?!!   D:8 (=   D:11 [   D:14 !   Orc:2 ?:[:   Elf:1 }=}   Elf:2 *
Elf:3 (   Vaults:2 =:[   Vaults:3 *   Vaults:4 (   Depths:3 !

Portals:
Hell: Depths:1 Depths:2 Depths:3 Depths:4 Depths:5
Abyss: Depths:2 Depths:4
Pandemonium: Depths:2 Depths:3 Depths:4
Ziggurat: Depths:2

Annotations:
Depths:2 Boris; Mara
Depths:3 1 runed translucent door, Zoil's ghost, journeyman TrMo


Innate Abilities, Weirdness & Mutations

You have razor-sharp teeth.
You heal very quickly.
When hurt, damage is shared between your health and your magic reserves.
Your bite disrupts and absorbs the magic of your enemies.
Potions cannot restore your health.
You have sharp fingernails.
You have large cloven feet.
You are surrounded by a mild repulsion field. (EV +2)
You can translocate small distances at will.
You are frail. (-10% HP)
You occasionally shout uncontrollably at your foes.
Your spells are a little easier to cast, but a little less powerful.


Message History

You feel weakened.
You feel dopey.
You feel clumsy.
* * * LOW HITPOINT WARNING * * *
Really walk into that dispersal trap?
You enter a dispersal trap!
The Orb Guardian blinks!
The black draconian blinks!
The shadow dragon blinks!
The Orb Guardian blinks! x2
The shadow dragon blinks!
The Killer Klown blinks!
The Orb Guardian blinks!
The Killer Klown blinks!
The Orb Guardian blinks!
The shadow dragon blinks!
You blink.
The eldritch tentacle slaps you but does no damage.
The eldritch tentacle closely misses you.
The Killer Klown does a flip.
You block the eldritch tentacle's attack. x2
The Killer Klown blinks!
An eldritch tentacle segment comes into view.
The eldritch tentacle slaps you but does no damage.
The eldritch tentacle claws you but does no damage.
A purple draconian comes into view. It is wielding a +0 flail.
The eldritch tentacle slaps you!!
You die...
Kikubaaqudgha rasps: "You have failed me!
Welcome... death!"

#..###........####.##.
#...............##..#.
#.........#####.....##
##........# ####...#
*#...##...#* ##...
#..#####...# ##..
################ ######
##.......w..^.[.## #.....
##...^...│.@dp....## ##....
##........*.).......## #....
#....................# ##...
#§...................# #...
#.......X..§.........# ##...
#§...................# #....
#§..DX...p.......^...# ##).(.
#..X......d..........###.....
##..^...............###..)###


You could see 2 Killer Klowns, an eldritch tentacle, a black draconian, a purple
draconian (wandering) and 2 Orb Guardians.

Vanquished Creatures
  the Royal Jelly (Slime:5)
  2 ancient liches (Zot:5)
  2 orbs of fire (Zot:5)
  3 juggernauts
  Boris (Vaults:2)
  2 Killer Klowns (Zot:5)
  Saint Roka (Vaults:2)
  A curse toe (Zot:5)
  Frederick (Vaults:1)
  8 caustic shrikes
  Xtahua (Vaults:3)
  6 golden dragons
  the Enchantress (Depths:2)
  A bone dragon (Depths:5)
  2 liches
  2 electric golems (Zot:5)
  4 tentacled monstrosities
  A Tzitzimitl (WizLab)
  Rupert (Vaults:1)
  17 Orb Guardians (Zot:5)
  2 titans (Depths:4)
  4 quicksilver dragons (Zot:5)
  3 deep elf blademasters
  3 deep elf master archers (Elf:3)
  14 acid blobs
  A death cob (Zot:3)
  4 sphinxes
  Gastronok (D:11)
  6 tengu reavers
  2 storm dragons (Zot:5)
  2 shadow dragons (Zot:5)
  13 azure jellies
  Roxanne (D:15)
  9 fire giants
  3 draconian monks
  11 frost giants
  Louise (D:15)
  2 draconian scorchers
  8 vault wardens
  5 draconian knights
  5 deep elf sorcerers
  2 emperor scorpions (Spider:4)
  4 ghost moths
  4 draconian shifters
  3 draconian stormcallers
  2 draconian annihilators
  2 reapers (WizLab)
  A cacodemon (WizLab)
  2 spriggan defenders (Depths:2)
  11 ironheart preservers
  2 deep elf elementalists
  15 stone giants
  6 vampire knights
  39 very ugly things
  11 deep elf demonologists
  4 green draconians
  4 black draconians
  A lorocyproca (WizLab)
  Azrael (D:15)
  7 entropy weavers
  4 red draconians
  4 yellow draconians
  6 deep elf annihilators
  12 spark wasps
  12 purple draconians
  5 ettins
  4 white draconians
  5 deep elf death magi
  2 blizzard demons
  7 death oozes (Slime:5)
  10 fire dragons
  12 yaktaur captains
  2 merfolk javelineers (Shoals:4)
  6 merfolk impalers
  10 great orbs of eyes
  5 vault guards
  13 ice dragons
  4 deep elf high priests (Elf:3)
  10 hydras
  2 rakshasas
  14 centaur warriors
  Erolcha (Orc:2)
  7 boulder beetles
  A hell beast (Depths:2)
  8 spriggan air magi
  15 ogre magi
  Erica (D:11)
  4 merfolk aquamancers
  An alligator snapping turtle (Shoals:4)
  2 merfolk avatars
  34 two-headed ogres
  17 dancing weapons
  4 death yaks (Lair:5)
  5 satyrs
  4 tengu warriors
  6 spriggan berserkers
  10 deep troll earth magi
  8 death scarabs (Spider:4)
  9 deep troll shamans
  2 orc high priests (Elf:2)
  A queen ant (Lair:3)
  2 vampire magi
  2 soul eaters (WizLab)
  4 sun demons (WizLab)
  Nergalle (Orc:2)
  16 deep elf knights
  A spectral emperor scorpion (Spider:4)
  4 iron trolls
  14 sea snakes
  A titan skeleton (Depths:2)
  2 shadow wraiths
  5 hell knights
  2 skeletal warriors (D:15)
  3 unseen horrors
  A glowing orange brain (Depths:1)
  24 deep trolls
  A spriggan druid (Depths:4)
  6 wizards
  An orange crystal statue (Gauntlet)
  16 deep elf archers
  A lindwurm (Lair:4)
  2 flayed ghosts
  A tengu zombie (D:15)
  Pikel (D:5)
  11 ironbrand convokers
  39 ugly things
  14 orc knights
  4 wolf spider zombies
  5 phantasmal warriors
  4 spectral wolf spiders (Spider:4)
  5 necromancers
  4 cyclopes
  A stone giant zombie (D:15)
  24 harpies
  A wolf spider (shapeshifter) (Depths:1)
  4 oklob plants (D:11)
  11 orc sorcerers
  36 wolf spiders
  21 orb spiders
  12 fauns
  5 shining eyes
  61 deep elf magi
  3 merfolk sirens
  18 manticores
  3 salamanders
  16 moths of wrath
  A frost giant skeleton (D:15)
  5 elephants (Lair:5)
  12 vault sentinels
  3 centaur zombies
  A guardian serpent (shapeshifter) (Elf:2)
  A cane toad (shapeshifter) (D:15)
  5 water nymphs
  A rust devil (Depths:2)
  An eye of devastation (Slime:1)
  8 torpor snails
  4 black mambas
  An ice statue (IceCv)
  22 cane toads
  2 smoke demons (WizLab)
  Joseph (D:10)
  Maggie (D:9)
  An elephant (shapeshifter) (Vaults:3)
  A centaur skeleton (D:15)
  2 hellions
  A yaktaur zombie (D:15)
  A spectral redback (Spider:4)
  2 ice devils
  29 yaktaurs
  2 redback zombies (Spider:4)
  A freezing wraith (Vaults:3)
  3 rime drakes
  6 hellwings (Depths:1)
  12 demonic crawlers
  5 komodo dragons
  3 tengu conjurers
  5 tyrant leeches
  25 jumping spiders
  3 meliai (D:15)
  4 red devils
  5 wind drakes
  30 merfolk
  A polar bear (shapeshifter) (Depths:2)
  4 spectral jumping spiders (Spider:4)
  4 trolls
  20 polar bears
  2 spectral tarantellas (Spider:4)
  25 blink frogs
  36 slime creatures
  11 hornets
  2 tarantella zombies (Spider:4)
  7 snapping turtles
  7 dream sheep
  4 jumping spider zombies (Spider:4)
  2 air elementals (Elf:1)
  82 redbacks
  A redback (shapeshifter) (Vaults:3)
  A centaur simulacrum (D:14)
  A vampire (D:10)
  51 yaks
  A tarantella (shapeshifter) (Depths:4)
  5 wyverns
  4 wraiths
  6 fire bats
  9 spriggans
  A yak (shapeshifter) (D:14)
  40 tarantellas
  7 vampire mosquitoes
  17 water elementals
  2 fire elementals
  3 basilisks
  A chaos spawn (WizLab)
  5 golden eyes (Slime:3)
  A steam dragon (D:12)
  Menkaure (D:4)
  3 swamp worms (Gauntlet)
  11 wargs
  Edmund (D:4)
  2 acid dragons (D:12)
  20 soldier ants (Lair:3)
  Duvessa (D:5)
  2 floating eyes
  3 spectral hornets (Spider:4)
  15 water moccasins
  8 hell hounds
  An ice beast (D:14)
  4 sky beasts
  34 orc warriors
  A black bear (D:11)
  A boulder beetle simulacrum (Vaults:1)
  An ice beast (shapeshifter) (Vaults:4)
  17 boggarts
  An eye of draining (shapeshifter) (Depths:5)
  4 eyes of draining
  34 ogres
  18 wolves
  20 centaurs
  4 lemures (D:5)
  2 gnoll sergeants
  32 bullfrogs
  A wyvern zombie (D:9)
  Dowan (D:5)
  4 earth elementals
  6 scorpions
  A human simulacrum (Vaults:2)
  19 killer bees
  7 wights
  2 electric eels
  5 howler monkeys
  4 crimson imps
  4 bullfrog zombies
  3 hounds
  A quasit (D:10)
  6 jellies
  39 orc wizards
  14 orc priests
  3 bullfrog skeletons
  2 iron imps
  3 iguanas
  Ijyb (D:4)
  29 worker ants
  A killer bee zombie (D:7)
  A hound zombie (D:7)
  A worker ant zombie (D:8)
  23 gnolls
  8 adders
  A howler monkey skeleton (D:4)
  5 shadow imps
  2 white imps
  2 ufetubi (D:10)
  2 oozes
  An adder zombie (D:8)
  An adder skeleton (D:5)
  4 worms
  6 dart slugs
  5 leopard geckos
  98 orcs
  8 giant cockroaches
  10 goblins
  9 hobgoblins
  7 jackals
  11 quokkas
  A ball python (D:2)
  16 bats
  6 frilled lizards
  8 kobolds
  2 leopard gecko skeletons
  8 rats
  4 crawling corpses (Elf:3)
2201 creatures vanquished.

Vanquished Creatures (collateral kills)
  A caustic shrike (Depths:4)
  Nikola (Shoals:1)
  An acid blob (Slime:5)
  A vault warden (Vaults:3)
  A deep elf sorcerer (Elf:3)
  An ironheart preserver (D:13)
  A very ugly thing (Depths:2)
  A vampire knight (Vaults:1)
  A minotaur (Gauntlet)
  A green death (WizLab)
  A deep elf death mage (Elf:3)
  Josephine (Lair:4)
  A death ooze (Slime:5)
  3 hydras
  A two-headed ogre (Orc:2)
  A dancing weapon (Elf:2)
  An iron troll (Depths:5)
  2 deep elf magi (Elf:3)
  4 cane toads (Lair:6)
  An efreet (D:13)
  A polar bear (Lair:3)
  2 blink frogs (Lair:6)
  A spectral jumping spider (Spider:4)
  3 dream sheep (Lair:6)
  A spriggan (Depths:3)
  3 redbacks (Spider:3)
  A water elemental (Shoals:1)
  A tarantella (Spider:3)
  3 yaks
  A warg (Orc:2)
  A hornet zombie (Spider:4)
  3 orc warriors
  A wolf (IceCv)
  A centaur (D:11)
  2 orc wizards (Orc:2)
  An ooze (D:1)
  5 orcs
  A hobgoblin (D:1)
  A bat (D:3)
  A frilled lizard (D:3)
  A rat (D:2)
61 creatures vanquished.

Vanquished Creatures (others)
  A fire giant (Depths:4)
  A rakshasa (Depths:3)
  A dancing weapon (Elf:3)
  An ogre mage (Vaults:2)
  An orb spider (Spider:2)
  A deep elf mage (Elf:2)
  A hornet (Depths:4)
  A redback (Spider:1)
  A tarantella (Spider:1)
  A yak (IceCv)
  A wolf (IceCv)
  An eye of draining (D:12)
  An orc wizard (Orc:2)
  81 fungi
  315 plants
  7 withered plants (D:15)
416 creatures vanquished.

Grand Total: 2678 creatures vanquished

Notes
Turn   | Place    | Note
-------+----------+-------------------------------------------
     0 | D:1      | OdinFK the Vine Stalker Necromancer began the quest for the
                  | Orb.
     0 | D:1      | Reached XP level 1. HP: 9/9 MP: 4/4
    55 | D:1      | Learned a level 1 spell: Animate Skeleton
   295 | D:1      | Reached XP level 2. HP: 9/14 MP: 4/6
   648 | D:1      | Reached skill level 1 in Fighting
   671 | D:1      | Reached XP level 3. HP: 7/18 MP: 0/7
   738 | D:1      | Learned a level 3 spell: Vampiric Draining
  1422 | D:2      | Gained mutation: Your natural rate of healing is unusually
                  | fast. [Vine Stalker growth]
  1422 | D:2      | Reached XP level 4. HP: 12/23 MP: 1/8
  1532 | D:2      | Found an ornate altar of the Wu Jian Council.
  1828 | D:2      | Reached skill level 5 in Necromancy
  2123 | D:3      | You fall into a shaft and drop 1 floor!
  2124 | D:4      | Noticed an ogre
  2143 | D:4      | Reached XP level 5. HP: 25/26 MP: 4/9
  2207 | D:4      | Noticed an ogre
  2266 | D:4      | Noticed Ijyb
  2315 | D:4      | Found an ancient bone altar of Kikubaaqudgha.
  2315 | D:4      | Found a radiant altar of Vehumet.
  2319 | D:4      | Became a worshipper of Kikubaaqudgha
  2382 | D:4      | Reached XP level 6. HP: 27/32 MP: 1/11
  2503 | D:3      | Learned a level 4 spell: Animate Dead
  3278 | D:4      | Reached * piety under Kikubaaqudgha
  3278 | D:4      | Identified Kikubaaqudgha's Handbook of Evil (Kikubaaqudgha
                  | gifted it to you on level 4 of the Dungeon)
  3278 | D:4      | Received a gift from Kikubaaqudgha
  3424 | D:4      | Noticed Edmund
  3639 | D:4      | Reached skill level 1 in Evocations
  3639 | D:4      | Reached XP level 7. HP: 36/36 MP: 12/12
  3755 | D:4      | Noticed Menkaure
  3789 | D:4      | Killed Ijyb
  3872 | D:4      | Killed Menkaure
  3933 | D:4      | Killed Edmund
  4059 | D:5      | Entered Level 5 of the Dungeon
  4064 | D:5      | Gained mutation: You have razor-sharp teeth. [Vine Stalker
                  | growth]
  4064 | D:5      | Reached XP level 8. HP: 40/40 MP: 13/13
  4179 | D:5      | Reached skill level 1 in Armour
  4241 | D:5      | Found Uram's Magic Scroll Boutique.
  4250 | D:5      | Bought a scroll of remove curse for 39 gold pieces
  4250 | D:5      | Bought a scroll of blinking for 97 gold pieces
  4250 | D:5      | Bought a scroll of identify for 26 gold pieces
  4301 | D:5      | Found a staircase to the Ecumenical Temple.
  4301 | D:5      | Noticed Duvessa
  4301 | D:5      | Noticed Dowan
  4335 | D:5      | Killed Duvessa
  4353 | D:5      | Killed Dowan
  4410 | D:5      | Found Ramaibuy's Book Boutique.
  4420 | D:5      | Reached ** piety under Kikubaaqudgha
  4519 | D:5      | Found Qaqysk's Assorted Antiques.
  4522 | D:5      | Bought a scroll labelled CEXKOD WEZALU for 29 gold pieces
  4612 | D:5      | Found Binosirawu's Distillery.
  4636 | D:5      | Found Gafi Nut's Distillery.
  4647 | D:5      | Reached skill level 5 in Fighting
  4946 | D:5      | Noticed Pikel
  5042 | D:5      | Killed Pikel
  5043 | D:5      | Reached XP level 9. HP: 39/47 MP: 11/14
  5064 | D:5      | Learned a level 5 spell: Agony
  5693 | D:6      | Found a hide-covered altar of Uskayaw.
  6330 | D:7      | Reached skill level 10 in Necromancy
  6811 | D:8      | Reached *** piety under Kikubaaqudgha
  6811 | D:8      | Identified Kikubaaqudgha's Catalogue of Stolen Souls
                  | (Kikubaaqudgha gifted it to you on level 8 of the Dungeon)
  6811 | D:8      | Received a gift from Kikubaaqudgha
  6849 | D:8      | Found Muedghoeni's Jewellery Shop.
  6852 | D:8      | Bought an uncursed ring of see invisible for 225 gold
                  | pieces
  7006 | D:8      | Reached XP level 10. HP: 53/53 MP: 15/15
  7317 | D:8      | Found Arelahorph's Weapon Boutique.
  7723 | D:8      | Found a staircase to the Lair.
  8103 | D:9      | Found a broken altar of Ashenzari.
  8109 | D:9      | Noticed a two-headed ogre
  8111 | D:9      | Noticed Maggie
  8154 | D:9      | Killed a two-headed ogre
  8155 | D:9      | Reached skill level 5 in Stealth
  8177 | D:9      | Killed Maggie
  8425 | D:9      | Reached **** piety under Kikubaaqudgha
  8747 | D:9      | Found an iron altar of Okawaru.
  8747 | D:9      | Found a basalt altar of Yredelemnul.
  8819 | D:10     | Entered Level 10 of the Dungeon
  8884 | D:10     | Noticed Joseph
  9046 | Lair:1   | Entered Level 1 of the Lair of Beasts
  9256 | Lair:1   | Reached XP level 11. HP: 30/58 MP: 11/16
  9290 | Lair:1   | Noticed a seven-headed hydra
  9420 | D:10     | Killed Joseph
  9480 | D:10     | Found a shimmering altar of Xom.
  9530 | D:10     | Found an iron altar of Okawaru.
  9691 | D:10     | Found a portal to a secret trove of treasure.
  9704 | Trove    | Entered a treasure trove
  9717 | Trove    | Got a coiled platinum amulet
  9719 | Trove    | Got a scorched chain mail
  9721 | Trove    | Got a jewelled broad axe
  9723 | Trove    | Got a pitted lapis lazuli ring
  9725 | Trove    | Got a vibrating zirconium amulet
  9727 | Trove    | Got a faintly glowing pewter amulet
  9916 | D:11     | Found Noggel's Armour Shoppe.
  9922 | D:11     | Identified the ring "Sing" {rPois rN+ Will- rCorr} (You
                  | found it in a treasure trove)
 10197 | D:11     | Noticed a boulder beetle
 10209 | D:11     | Killed a boulder beetle
 10409 | D:11     | Noticed a two-headed ogre
 10430 | D:11     | Killed a two-headed ogre
 10431 | D:11     | Reached skill level 1 in Shields
 10489 | D:11     | Got a scorched chain mail
 10587 | D:11     | Noticed an oklob plant
 10602 | D:11     | Noticed Erica
 11267 | Lair:2   | Noticed a seven-headed hydra
 11369 | Lair:2   | Killed a seven-headed hydra
 11370 | Lair:2   | Reached skill level 1 in Short Blades
 11509 | Lair:2   | Got a warped war axe
 11787 | Lair:2   | Gained mutation: You heal very quickly. [Vine Stalker
                  | growth]
 11787 | Lair:2   | Reached XP level 12. HP: 61/65 MP: 9/17
 11907 | Lair:2   | Got a bloodstained rapier
 11960 | Lair:2   | Found a hole to the Spider Nest.
 12028 | Lair:2   | Identified the +8 rapier of the Stork {speed, *Rage Str+5
                  | Dex+7} (You found it on level 2 of the Lair of Beasts)
 12477 | Lair:3   | Reached skill level 5 in Dodging
 12689 | Lair:3   | Noticed a queen ant
 12772 | Lair:3   | Killed a queen ant
 13224 | Lair:3   | Found a staircase to the Shoals.
 13368 | Lair:4   | Noticed a five-headed hydra
 13443 | Lair:4   | Noticed Josephine
 13454 | Lair:4   | Noticed a five-headed hydra
 13525 | Lair:4   | Noticed a six-headed hydra
 13626 | Lair:4   | Noticed a six-headed hydra
 13779 | Lair:4   | Reached skill level 10 in Fighting
 13782 | Lair:4   | Killed a six-headed hydra
 13803 | Lair:4   | Killed Josephine
 13882 | Lair:4   | Reached XP level 13. HP: 72/72 MP: 20/20
 13889 | Lair:4   | Learned a level 5 spell: Borgnjor's Vile Clutch
 13971 | Lair:4   | Reached skill level 1 in Earth Magic
 14403 | Lair:5   | Found a staircase to the Slime Pits.
 14584 | Lair:5   | Reached skill level 15 in Necromancy
 15097 | Lair:5   | Got an ancient battleaxe
 15131 | Lair:5   | Identified the +5 chain mail of Zieh Tes {Regen+ MP+9
                  | Int+2} (You found it in a treasure trove)
 15141 | Lair:5   | Identified the cursed +0 chain mail of Anarchy {Slay+3}
                  | (You found it on level 11 of the Dungeon)
 15931 | Lair:6   | Entered Level 6 of the Lair of Beasts
 15938 | Lair:6   | Reached ***** piety under Kikubaaqudgha
 15952 | Lair:6   | Reached skill level 5 in Evocations
 16670 | Lair:6   | Reached XP level 14. HP: 77/77 MP: 5/21
 16719 | Lair:6   | Reached skill level 5 in Earth Magic
 17215 | Lair:6   | Reached ****** piety under Kikubaaqudgha
 17280 | Lair:6   | Identified the amulet "Decuquj" {Reflect rPois Int+4 Dex+2
                  | SH+5} (You found it in a treasure trove)
 17290 | Lair:6   | Identified the amulet "Laeh" {RegenMP rC+ Will+ Stlth-}
                  | (You found it in a treasure trove)
 17300 | Lair:6   | Identified the amulet of Osoluzul {Acrobat Fragile rF+
                  | Will+ Dex+2} (You found it in a treasure trove)
 18096 | Spider:1 | Entered Level 1 of the Spider Nest
 18263 | D:11     | Killed Erica
 18277 | D:11     | Noticed Gastronok
 18333 | D:11     | Killed Gastronok
 18384 | D:11     | Paralysed by a floating eye for 4 turns
 18389 | D:11     | Paralysed by a floating eye for 3 turns
 18552 | D:11     | Got a slimy robe
 18563 | D:11     | Identified the +0 robe of the Six Stories {Regen+} (You
                  | found it on level 11 of the Dungeon)
 18775 | D:12     | Found a roughly hewn altar of Beogh.
 18775 | D:12     | Found a staircase to the Orcish Mines.
 19148 | D:12     | Reached skill level 5 in Armour
 19702 | D:13     | Found a gate leading to a gauntlet.
 19743 | Gauntlet | Entered a Gauntlet
 19743 | Gauntlet | Found a transporter.
 19743 | Gauntlet | Found a transporter.
 19743 | Gauntlet | Found a runed translucent door.
 19743 | Gauntlet | Found a runed translucent door.
 19745 | Gauntlet | Found a transporter.
 19748 | Gauntlet | Found a transporter.
 19748 | Gauntlet | Found a transporter.
 19787 | Gauntlet | Found a transporter.
 19790 | Gauntlet | Found a transporter.
 19790 | Gauntlet | Found a transporter.
 19793 | Gauntlet | Noticed a reaper
 19804 | Gauntlet | Found a transporter.
 19820 | Gauntlet | Found a transporter.
 19830 | Gauntlet | Found a transporter.
 19835 | Gauntlet | Found a transporter.
 19872 | Gauntlet | Found a transporter.
 19873 | Gauntlet | Found a runed translucent door.
 19887 | Gauntlet | Found a transporter.
 20039 | Gauntlet | Got a pitted cloak
 20050 | Gauntlet | Identified the +1 cloak of Tousiowa {rC- rN+ Dex+2} (You
                  | found it in a Gauntlet)
 20099 | Gauntlet | Reached XP level 15. HP: 78/84 MP: 17/22
 20111 | Gauntlet | Got a faintly glowing silver ring
 20112 | Gauntlet | Got a slimy dagger
 20130 | D:13     | Identified the ring "Ogiuwk" {Ice +Fly rElec Str-3 Stlth+}
                  | (You found it in a Gauntlet)
 20558 | D:13     | Found a gate to the Vaults.
 20837 | D:14     | Found a frozen archway.
 20854 | IceCv    | Entered an ice cave
 20961 | IceCv    | Got a heavily runed tin ring
 21257 | IceCv    | Noticed a frost giant
 21293 | IceCv    | Killed a frost giant
 21323 | IceCv    | Got a sparkling silver ring
 21370 | D:14     | Identified the cursed ring "Niphaolu" {*Contam +Blink +Fly
                  | Str+9 Int-4} (You found it in an ice cave)
 21372 | D:14     | Identified the ring "Culej" {Will+ MP+9 Int+3 Dex-5} (You
                  | found it in an ice cave)
 21607 | D:14     | Got a fine leather armour
 21612 | D:14     | Found Faucoly's Distillery.
 21634 | D:14     | Bought a potion of haste for 160 gold pieces
 21664 | D:14     | Bought a potion of mutation for 128 gold pieces
 22008 | D:14     | You fall into a shaft and drop 1 floor!
 22008 | D:15     | Entered Level 15 of the Dungeon
 22098 | D:15     | Noticed Azrael
 22114 | D:15     | Killed Azrael
 22695 | D:15     | Identified Roxanne's Volume of the Rocks
 22695 | D:15     | Noticed Roxanne
 22766 | D:15     | Found a staircase to the Depths.
 22789 | D:15     | Noticed Louise
 22904 | D:15     | Reached XP level 16. HP: 82/90 MP: 21/23
 22905 | D:15     | Killed Louise
 23479 | D:8      | Identified the +1 leather armour "Nytaistra" {rF+++ Dex+3}
                  | (You found it on level 14 of the Dungeon)
 26337 | Spider:2 | Reached XP level 17. HP: 97/97 MP: 19/24
 27195 | Spider:4 | Entered Level 4 of the Spider Nest
 29496 | Spider:4 | Got a gossamer rune of Zot
 29750 | Shoals:1 | Entered Level 1 of the Shoals
 29833 | Shoals:1 | Reached skill level 5 in Short Blades
 29833 | Shoals:1 | Reached XP level 18. HP: 99/99 MP: 22/26
 29983 | Shoals:1 | Reached skill level 5 in Spellcasting
 29988 | Shoals:1 | Noticed Nikola
 30705 | Shoals:1 | Reached skill level 15 in Fighting
 30746 | Shoals:1 | Killed Nikola
 30943 | Shoals:2 | Found a white marble altar of Elyvilon.
 31112 | Shoals:2 | Got a crude robe
 31123 | Shoals:2 | Identified the +1 robe of Ozxoutt {rCorr Stlth+} (You found
                  | it on level 2 of the Shoals)
 31594 | Shoals:2 | You fall into a shaft and drop 1 floor!
 32502 | Shoals:4 | Entered Level 4 of the Shoals
 32953 | Shoals:4 | Identified the +2 plate armour of Gotreh {rElec rF- Dex+4}
 33549 | Shoals:4 | Got a barnacled rune of Zot
 33873 | Shoals:4 | Reached XP level 19. HP: 98/109 MP: 17/27
 34241 | Vaults:1 | Entered Level 1 of the Vaults
 34694 | Vaults:1 | Reached skill level 5 in Shields
 34887 | Vaults:1 | Noticed Rupert
 34948 | Vaults:1 | Killed Rupert
 35488 | Vaults:1 | Noticed Frederick
 35515 | Vaults:1 | HP: 2/109 [something/shard of ice (46)]
 35895 | Vaults:2 | Noticed Boris
 36284 | Vaults:2 | Found a staircase to the Crypt.
 36284 | Vaults:2 | Found a basalt altar of Yredelemnul.
 36285 | Vaults:2 | Found an ancient bone altar of Kikubaaqudgha.
 36662 | Vaults:1 | Reached skill level 10 in Earth Magic
 36848 | Vaults:1 | Killed Frederick
 36935 | Vaults:2 | Noticed Saint Roka
 36957 | Vaults:2 | Killed Saint Roka
 37000 | Vaults:2 | Found Rosyvec's Antique Armour Boutique.
 37088 | Vaults:2 | Bought a pair of jewelled boots for 304 gold pieces
 37088 | Vaults:2 | Bought a translucent helmet for 304 gold pieces
 37099 | Vaults:2 | Identified the cursed +0 pair of boots of Duck's Teeth
                  | {*Corrode rPois rC++} (You bought it in a shop on level 2
                  | of the Vaults)
 37118 | Vaults:2 | Identified the +3 helmet of Hoepn {Will+ Str+4} (You bought
                  | it in a shop on level 2 of the Vaults)
 37126 | Vaults:2 | Bought a runed buckler for 240 gold pieces
 37126 | Vaults:2 | Bought a glowing buckler for 240 gold pieces
 37179 | Vaults:2 | Found Coedim's Book Emporium.
 37337 | Vaults:2 | Found Maonuk's Jewellery Emporium.
 37388 | Vaults:2 | Reached skill level 10 in Dodging
 37405 | Vaults:2 | Reached XP level 20. HP: 94/116 MP: 7/28
 37848 | Vaults:3 | Noticed Xtahua
 38576 | Vaults:3 | Learned a level 6 spell: Death Channel
 38691 | Vaults:3 | Found Rakicuso's General Store.
 38823 | Vaults:3 | Killed Xtahua
 39595 | Vaults:4 | Found Midoshoa's Weapon Emporium.
 39712 | Vaults:4 | Reached XP level 21. HP: 75/123 MP: 9/29
 39762 | Vaults:4 | Identified a scroll of acquirement
 39859 | Vaults:4 | Acquired an uncursed staff of death
 40725 | Vaults:2 | Killed Boris
 40968 | Orc:1    | Entered Level 1 of the Orcish Mines
 41121 | Orc:2    | Entered Level 2 of the Orcish Mines
 41136 | Orc:2    | Found a staircase to the Elven Halls.
 42165 | Orc:2    | Found Jasodani's Book Boutique.
 42199 | Orc:2    | Found an ancient bone altar of Kikubaaqudgha.
 42200 | Orc:2    | Noticed Nergalle
 42217 | Orc:2    | Killed Nergalle
 42251 | Orc:2    | Noticed Erolcha
 42253 | Orc:2    | Found a radiant altar of Vehumet.
 42260 | Orc:2    | Killed Erolcha
 42287 | Orc:2    | Found Soparghy's Antique Armour Boutique.
 42289 | Orc:2    | Found a roughly hewn altar of Beogh.
 42304 | Orc:2    | Found Fodwolao's Book Shop.
 42328 | Orc:2    | Found Selap's Magic Scroll Shop.
 42339 | Orc:2    | Bought a scroll of identify for 28 gold pieces
 42339 | Orc:2    | Bought a scroll of identify for 28 gold pieces
 42339 | Orc:2    | Bought a scroll of identify for 28 gold pieces
 42342 | Orc:2    | Reached XP level 22. HP: 89/128 MP: 18/30
 42494 | Elf:1    | Entered Level 1 of the Elven Halls
 43028 | Elf:1    | Found Hiyr Rou's Jewellery Shoppe.
 43029 | Elf:1    | Found Repes's Gadget Shop.
 43029 | Elf:1    | Found Hohum's Gadget Shop.
 43038 | Elf:1    | Bought a tin of tremorstones (2/2) for 400 gold pieces
 43038 | Elf:1    | Bought a condenser vane for 400 gold pieces
 43458 | Elf:2    | Found Zifex's Assorted Antiques.
 43476 | Elf:2    | Reached skill level 10 in Evocations
 43840 | Elf:2    | Found a huge runed translucent gate.
 43840 | Elf:2    | Found a huge runed translucent gate.
 43863 | Elf:2    | Found a huge runed translucent gate.
 43863 | Elf:2    | Found a huge runed translucent gate.
 43864 | Elf:2    | Found a huge runed translucent gate.
 44198 | Elf:2    | Reached XP level 23. HP: 121/134 MP: 16/31
 44498 | Elf:3    | Entered Level 3 of the Elven Halls
 44569 | Elf:3    | Found Itutes's Weapon Boutique.
 45197 | Elf:3    | Reached skill level 10 in Short Blades
 45417 | Elf:3    | Identified the ring of the Pure Priests {rN+ Str+5}
 45495 | Elf:3    | Identified the ring of the Saviour {rElec MP+9}
 45572 | Elf:3    | Identified the +4 dagger of Courage {vorpal, *Contam rF+++
                  | Str+3} (You found it on level 3 of the Elven Halls)
 45603 | Elf:3    | Got a pair of brightly glowing boots
 45614 | Elf:3    | Identified the cursed +0 pair of boots "Vixzoleg" {rF-
                  | Int+6} (You found it on level 3 of the Elven Halls)
 45698 | Elf:3    | Identified the cursed +3 short sword "Jokourph" {vorpal,
                  | Int+3} (You found it on level 3 of the Elven Halls)
 45991 | D:15     | Killed Roxanne
 46042 | Depths:1 | Entered Level 1 of the Depths
 46595 | Depths:1 | Found a runed translucent door.
 46999 | Depths:1 | Reached XP level 24. HP: 131/142 MP: 7/31
 47026 | Depths:1 | Identified Sif Muna's Papyrus of Calling and the Arsonist
 47196 | Depths:1 | Found a gateway to Hell.
 47646 | Depths:2 | Found a gateway to a ziggurat.
 47704 | Depths:2 | Found a one-way gate to the infinite horrors of the Abyss.
 48161 | Depths:2 | Noticed Mara
 48241 | Depths:2 | Noticed a juggernaut
 48280 | Depths:2 | Killed a juggernaut
 48281 | Depths:2 | Reached skill level 10 in Stealth
 48362 | Depths:2 | Found a one-way gate leading to the halls of Pandemonium.
 49257 | Depths:3 | Got a creamy pearl robe
 49306 | Depths:3 | Found Ysaifot's Distillery.
 49472 | Depths:3 | Noticed the Enchantress
 49554 | Depths:3 | Found a runed translucent door.
 49559 | Depths:3 | Noticed Zoil's ghost (journeyman TrMo)
 49816 | Depths:2 | Killed the Enchantress
 50364 | Depths:4 | Reached XP level 25. HP: 129/148 MP: 23/31
 50913 | Depths:4 | Paralysed by a floating eye for 2 turns
 51153 | Depths:4 | Reached skill level 15 in Earth Magic
 51235 | Depths:4 | Noticed Boris
 51659 | Depths:4 | Identified the ring of Qoepol {+Fly SInv}
 52746 | Depths:4 | Found a snail-covered altar of Cheibriados.
 52829 | Depths:5 | Entered Level 5 of the Depths
 52898 | Depths:5 | Learned a level 6 spell: Iron Shot
 52966 | Depths:5 | Noticed a juggernaut
 52996 | Depths:4 | Reached skill level 1 in Conjurations
 53567 | Depths:5 | Found a magical portal.
 53580 | WizLab   | Entered Doroklohe's Tomb
 53917 | WizLab   | Gained mutation: Armour fits poorly on your strangely
                  | shaped body. [a cacodemon]
 53933 | WizLab   | Reached XP level 26. HP: 129/156 MP: 31/31
 54252 | Depths:5 | Identified the cursed +1 robe "Saguh" {Rampage rC+++ rN++
                  | Stlth-} (You found it on level 3 of the Depths)
 54330 | Depths:5 | Noticed a juggernaut
 54355 | Depths:5 | Killed a juggernaut
 55017 | Depths:5 | Found a gate to the Realm of Zot.
 55321 | D:15     | Identified a +9 quick blade of pain (a +9 quick blade of
                  | venom bloodied by Kikubaaqudgha)
 55321 | D:15     | Received a gift from Kikubaaqudgha
 55615 | Slime:1  | Entered Level 1 of the Pits of Slime
 55804 | Slime:3  | Gained mutation: Your spells are a little easier to cast,
                  | but a little less powerful. [a shining eye]
 55820 | Slime:3  | Gained mutation: Your magical capacity is low. (-10% MP) [a
                  | shining eye]
 55963 | Slime:5  | Entered Level 5 of the Pits of Slime
 56469 | Slime:5  | Found a viscous altar of Jiyva.
 56470 | Slime:5  | Noticed the Royal Jelly
 56525 | Slime:5  | Killed the Royal Jelly
 56650 | Slime:5  | Identified the cursed +1 leather armour "Baib" {rPois rN+
                  | Str-3} (You found it on level 5 of the Pits of Slime)
 56652 | Slime:5  | Identified the cursed ring of Odasurao {*Slow rF++ AC-4}
                  | (You found it on level 5 of the Pits of Slime)
 56658 | Slime:5  | Identified the +5 ring mail "Zamociepn" {rF+ Regen+ Dex+6}
                  | (You found it on level 5 of the Pits of Slime)
 56665 | Slime:5  | Identified the +4 long sword "Ceathrio" {flame, *Noise +Fly
                  | Stlth+} (You found it on level 5 of the Pits of Slime)
 56668 | Slime:5  | Identified the +9 long sword of Dishonesty {freeze, Int+3}
                  | (You found it on level 5 of the Pits of Slime)
 56696 | Slime:5  | Got a slimy rune of Zot
 57186 | Depths:5 | Killed a juggernaut
 57245 | Zot:1    | Entered Level 1 of the Realm of Zot
 57706 | Zot:4    | Reached XP level 27. HP: 162/163 MP: 25/28
 57719 | Zot:4    | Lost mutation: Your magical capacity is low. (-10% MP)
                  | [potion of mutation]
 57719 | Zot:4    | Lost mutation: Armour fits poorly on your strangely shaped
                  | body. [potion of mutation]
 57719 | Zot:4    | Gained mutation: You can translocate small distances at
                  | will. [potion of mutation]
 57719 | Zot:4    | Gained mutation: You are surrounded by a mild repulsion
                  | field. (EV +2) [potion of mutation]
 57719 | Zot:4    | Gained mutation: You have sharp fingernails. [potion of
                  | mutation]
 57765 | Zot:5    | Entered Level 5 of the Realm of Zot
 58896 | Zot:5    | HP: 8/163 [deathcap[a curse toe] (9)]
 58898 | Zot:5    | HP: 1/163 [deathcap[a curse toe] (7)]
 59111 | Zot:5    | Noticed an ancient lich
 59143 | Zot:5    | Killed an ancient lich
 59255 | Zot:5    | Noticed an orb of fire
 59279 | Zot:5    | Gained mutation: You are frail. (-10% HP) [an orb of fire]
 59677 | Zot:5    | Killed an orb of fire
 59981 | Zot:5    | Noticed an orb of fire
 60002 | Zot:5    | Gained mutation: You have large cloven feet. [an orb of
                  | fire]
 60015 | Zot:5    | Gained mutation: You occasionally shout uncontrollably at
                  | your foes. [an orb of fire]
 60048 | Zot:5    | Killed an orb of fire
 60484 | Zot:5    | Noticed an orb of fire
 60516 | Zot:5    | Noticed an ancient lich
 60541 | Zot:5    | Killed an ancient lich
 60548 | Zot:5    | HP: 5/147 [Killer Klown/klown pie (24)]
 60575 | Zot:5    | Slain by an eldritch tentacle

Illustrated notes

Levels and vault maps discovered:
D:1:      dpeg_arrival_tiny_a, layout_loops_ring, minmay_crystal_room,
          minmay_misc_feat_rugged
D:2:      layout_loops_cross, nicolae_overflow_hidden_temple,
          minmay_goblin_outpost
D:3:      layout_loops_corners, hangedman_decor_growths
D:4:      layout_loops_ring, gammafunk_temple_overflow_elements,
          kennysheep_dice, uniq_ijyb, uniq_edmund, uniq_menkaure
D:5:      layout_rooms, minmay_temple_entry_overgrown, serial_shops,
          nicolae_shop_behind_doors, shop, nicolae_shop_trees,
          nicolae_shop_statue_plus, shop, uniq_pikel, uniq_duvessa
D:6:      layout_loops_cross, basic_altar, corexii_shack
D:7:      minmay_angry_zag, layout_loops_ring, kennysheep_crisscross,
          serial_park_tiny_pond
D:8:      layout_loops_corners, grunt_lair_entry_orc_guard_hut, serial_shops,
          kennysheep_mini_moat, nicolae_shop_crystal, minmay_misc_feat_doors
D:9:      layout_long_grid, gammafunk_temple_overflow_pools,
          overflow_temple_1_default, uniq_maggie
D:10:     layout_rooms, enter_trove_3, basic_altar, okawaru_trees_2, uniq_joseph
D:11:     layout_loops_ring, serial_shops, nicolae_shop_stone, disabler_island,
          uniq_erica, uniq_gastronok
D:12:     layout_basic, david_orc_5
D:13:     layout_irregular_city, skrybe_vaults_entry_preservation,
          gauntlet_entry_generic, amcnicky_mini_rare_corridor_liquid
D:14:     layout_loops_corners, portal_ice_cave_entry_pillars_1, serial_shops,
          shop, minivault_28
D:15:     gammafunk_depths_entry_grave, layout_loops_ring, hex_medium,
          uniq_louise, uniq_azrael, uniq_roxanne
Lair:1:   layout_misc_corridors
Lair:2:   layout_regular_city, nicolae_spider_entry_tight_spaces,
          grunt_megastairs_5, serial_bayou_shore_a
Lair:3:   layout_gridlike, minmay_shoals_entry_beasts,
          grunt_forest_small_clearings, minivault_29
Lair:4:   layout_misc_corridors, serial_bayou_pond_c, serial_bayou_shore_b,
          uniq_josephine
Lair:5:   layout_layer_cave, minmay_slime_entry_pillars
Lair:6:   minmay_lair_end_frog_pond, layout_layer_cave,
          chequers_serial_rivers_room_b, chequers_serial_rivers_micro_e
Shoals:1: layout_shoals, uniq_nikola
Shoals:2: layout_shoals, lemuel_altar_in_water2
Shoals:3: layout_shoals, ldierk_geyser
Shoals:4: shoals_end_grunt_garden, layout_shoals, uniq_polyphemus
Spider:1: layout_spider_delve
Spider:2: layout_chambers
Spider:3: nicolae_spider_mines_3, nicolae_spider_webbed_stairs
Spider:4: floodkiller_spider_rune_tomb
Slime:1:  layout_caves
Slime:2:  layout_caves
Slime:3:  layout_caves, cheibrodos_slime_lost_civilization_6
Slime:4:  layout_caves, nicolae_slime_barrier
Slime:5
Orc:1:    layout_diamond_mine, nicolae_orc_lava_tube
Orc:2:    kennysheep_orc_mage_school, layout_caves, nooodl_orcs_dogs
Elf:1:    minmay_elf_arrival_plus, layout_loops_corners,
          minmay_elf_crystal_heptagon, st_stairs_13, minmay_misc_feat_pillars,
          minmay_shop_grove
Elf:2:    layout_loops_cross, serial_shops, shop
Elf:3:    minmay_elf_hall_not_hex, layout_loops_cross, serial_shops,
          nicolae_shop_temple_entry_statues_fountains, st_stairs_14
Vaults:1: nicolae_vaults_three_branches, ontoclasm_vaults_tryst, sword_in_stone,
          hangedman_vaults_trim, vaults_dpeg_spiral,
          nicolae_vaults_twisting_passages, ontoclasm_vaults_ring_large,
          nicolae_vaults_specimen_jars, v_alt_pattern_6, vaults_room_hallway,
          v_misc_25, nicolae_vaults_circle_grid_a,
          hangedman_vaults_corner_blocks, layout_vaults_maze_bifur
Vaults:2: vaults_dpeg_hooks, v_misc_14, minmay_crypt_entry_necro_gods,
          v_misc_18, ontoclasm_vaults_decontamination, vaults_mumra_chevron,
          layout_vaults_omnigrid, serial_shops, shop_fountains, shop_statue,
          nicolae_shop_crystal, uniq_margery, uniq_boris, uniq_saint_roka
Vaults:3: st_star, vaults_standard_mumra_lines, grunt_vaults_hallway_long,
          vaults_room_door_hall, v_misc_8, v_alt_pattern_2, v_misc_32,
          hangedman_vaults_nails, nicolae_vaults_border_crossing,
          nicolae_vaults_little_squares_5, v_misc_15, layout_vaults_omnicross,
          serial_shops, shop_fountains, uniq_xtahua
Vaults:4: v_misc_1, v_misc_12, vaults_dpeg_doors, grunt_vaults_swirl,
          hangedman_vaults_river_flow, vaults_mumra_hexcomb, v_misc_31,
          nicolae_vaults_little_squares_3, layout_vaults_big_room, serial_shops,
          shop
Depths:1: layout_gridlike, hellmouth_3, minmay_misc_feat_five,
          minmay_misc_feat_tower, lightli_gold_pyramid
Depths:2: nicolae_legendary_halls, layout_basic, enter_ziggurat_e, pan_entry,
          grunt_mini_vestibule, abyss_entry, kennysheep_island_fort,
          infiniplex_staircase_pillars_2, uniq_mara
Depths:3: dpeg_oklob_gauntlet, layout_gridville, rand_demon_pan_entry_9,
          hell_entry, serial_shops, shop, ebering_ghost_reflecting_pool,
          st_stairs_1, uniq_enchantress
Depths:4: pf_snail_temple, layout_basic, chequers_serial_rivers_small_3,
          pf_dread_powers_of_hell, hangedman_abyss_entry_splay,
          grunt_pan_entry_in_and_out, kennysheep_path_1, kilobyte_rumbling_trees
Depths:5: evilmike_zot_entry_argh, layout_gridlike, grunt_hell_entry_dis_grunt,
          mu_enter_wizlab_6
Zot:1:    layout_misc_corridors, lemuel_lake_of_fire
Zot:2:    kennysheep_six_static_rooms, layout_gridlike
Zot:3:    layout_twisted_circle
Zot:4:    layout_onion, ebering_ghost_gozag
Zot:5:    layout_cathedral_of_symmetry

Skill      XL: |  1  2  3  4  5  6  7  8  9 10 11 12 13 14 15 16 17 18 19 20 21 22 23 24 25 26 27 |
---------------+----------------------------------------------------------------------------------+-----
Dodging        | 2 3 4 5 6 7 8 9 10 11 12 | 12.0
Fighting       | 1 2 3 5 6 7 8 10 12 14 16 18 19 20 21 22 23 | 23.0
Necromancy     | 5 6 7 9 10 11 13 14 15 16 17 18 19 20 21 22 23 | 23.0
Stealth        | 3 4 5 7 8 9 10 11 | 11.0
Spellcasting   | 3 4 5 |  5.0
Evocations     | 1 2 3 4 5 6 7 8 9 10 11 12 | 12.0
Armour         | 1 2 3 4 5 |  5.5
Shields        | 2 4 6 7 |  7.0
Short Blades   | 1 2 4 5 6 7 8 9 10 13 | 13.6
Earth Magic    | 4 5 6 7 9 10 12 14 16 18 | 18.0
Conjurations   | 2 4 |  4.0

Action                   |  1- 3 |  4- 6 |  7- 9 | 10-12 | 13-15 | 16-18 | 19-21 | 22-24 | 25-27 || total
-------------------------+-------+-------+-------+-------+-------+-------+-------+-------+-------++-------
Melee: Mace              |     7 |    16 |       |       |       |       |       |       |       ||    23
       Bite              |     1 |    28 |   107 |   289 |   457 |   348 |   301 |   329 |   496 ||  2356
       Dagger            |       |    99 |   321 |   296 |   595 |   502 |       |       |       ||  1813
       Short sword       |       |       |       |   214 |   419 |   321 |       |       |       ||   954
       Rapier            |       |       |       |   143 |       |   181 |   814 |   897 |   538 ||  2573
       Quick blade       |       |       |       |       |       |       |       |       |   729 ||   729
Throw: Dart              |       |     3 |    20 |    59 |    16 |    46 |       |       |       ||   144
 Cast: Pain              |    60 |    82 |    29 |    78 |    35 |     2 |       |       |       ||   286
       Animate Skeleton  |    11 |    13 |    10 |    10 |    12 |     1 |       |       |       ||    57
       Vampiric Draining |       |       |     8 |    23 |     4 |       |     1 |     1 |     3 ||    40
       Agony             |       |       |       |    16 |    10 |       |       |       |       ||    26
       Animate Dead      |       |       |       |     6 |     9 |     7 |     6 |       |     1 ||    29
       Borgnjor's Vile C |       |       |       |       |   187 |   478 |   229 |   208 |   284 ||  1386
       Death Channel     |       |       |       |       |       |       |    14 |     9 |     3 ||    26
       Iron Shot         |       |       |       |       |       |       |       |       |     2 ||     2
Invok: Receive Corpses   |       |       |       |       |       |       |     1 |       |       ||     1
       Brand Weapon With |       |       |       |       |       |       |       |       |     1 ||     1
 Abil: Evoke Flight      |       |       |       |       |       |       |       |     3 |       ||     3
Evoke: Wand              |       |       |     3 |    11 |     8 |    15 |    11 |     2 |    31 ||    81
       Box of beasts     |       |       |       |     1 |     2 |     2 |       |     1 |     6 ||    12
       Phial of floods   |       |       |       |     1 |       |       |       |       |     1 ||     2
       Tin of tremorston |       |       |       |       |       |       |       |     2 |     2 ||     4
       Condenser vane    |       |       |       |       |       |       |       |     1 |     6 ||     7
       Phantom mirror    |       |       |       |       |       |       |       |       |     3 ||     3
       Lightning rod     |       |       |       |       |       |       |       |       |     3 ||     3
  Use: Scroll            |       |     2 |     3 |     5 |    17 |    18 |    16 |    14 |    33 ||   108
       Potion            |       |       |     1 |       |       |     4 |     2 |       |    11 ||    18
 Stab: Sleeping          |     1 |    12 |    10 |     7 |    12 |     4 |    14 |    28 |    29 ||   117
       Distracted        |       |       |       |     2 |     4 |     2 |     4 |     1 |       ||    13
       Invisible         |       |       |       |       |       |     2 |       |       |       ||     2
Armor: Robe              |     5 |    23 |    42 |    15 |       |       |       |       |       ||    85
       Leather armour    |       |       |    21 |       |       |       |       |       |       ||    21
       Steam dragon scal |       |       |       |   145 |   355 |   676 |   198 |   185 |   270 ||  1829
Dodge: Dodged            |    14 |    80 |   174 |   480 |   777 |  1042 |   425 |   348 |   491 ||  3831
Block: Buckler           |       |       |       |    73 |   379 |   784 |   384 |   428 |   468 ||  2516
       Reflection        |       |       |       |       |    12 |    55 |    34 |    45 |    16 ||   162
